 Dungeon Crawl Stone Soup version 0.19-a0-1899-g2d93087 (webtiles) character file.

181 dobroeutro the Bolt Thrower (level 5, 0/32 HPs)
             Began as a Kobold Hunter on Oct 19, 2016.
             Slain by a worm (6 damage)
             ... on level 3 of the Dungeon.
             The game lasted 00:03:57 (2511 turns).

dobroeutro the Bolt Thrower (Kobold Hunter)         Turns: 2511, Time: 00:03:57

Health: 0/32       AC:  5    Str: 11    XL:     5   Next: 92%
Magic:  5/5        EV: 12    Int: 12    God:
Gold:   105        SH:  7    Dex: 15    Spells: 0 memorised, 4 levels left

rFire  + . .     SeeInvis .     b - +0 short sword
rCold  . . .     Gourm    .     c - +0 leather armour
rNeg   . . .     Faith    .     r - +0 shield
rPois  .         Spirit   .     u - +0 helmet (curse)
rElec  .         Reflect  .     s - +0 cloak
rCorr  .         Harm     .     (no gloves)
MR     .....                    (no boots)
Stlth  +.........               (no amulet)
                                (no ring)
                                n - ring of protection from fire

@: drained
A: carnivore 3
a: no special abilities


You were on level 3 of the Dungeon.
You were not hungry.

You visited 1 branch of the dungeon, and saw 3 of its levels.

You collected 105 gold pieces.

Inventory:

Hand Weapons
 a - a +1 hand crossbow
 b - a +0 short sword (weapon)
Missiles
 d - 17 bolts
Armour
 c - a +0 leather armour (worn)
 r - a +0 shield (worn)
 s - a +0 cloak (worn)
 u - a cursed +0 helmet (worn)
Jewellery
 n - a ring of protection from fire (left hand)
Scrolls
 e - 4 scrolls of remove curse {unknown}
 g - 2 scrolls of teleportation {unknown}
 h - 2 scrolls of identify {unknown}
 i - a scroll of recharging {unknown}
 j - a scroll of random uselessness {unknown}
 l - 2 scrolls of amnesia {unknown}
 m - a scroll of enchant weapon {unknown}
Potions
 k - a potion of ambrosia {unknown}
 o - a potion of curing {unknown}
 p - a potion of invisibility {unknown}
 q - 2 potions of heal wounds {unknown}
Comestibles
 f - 3 meat rations
 t - a royal jelly


   Skills:
 + Level 3.4(2.6) Fighting
 + Level 3.1(2.2) Short Blades
 + Level 5.8(4.9) Crossbows
 + Level 4.1(3.2) Dodging
 - Level 1.3(0.5) Stealth


You had 4 spell levels left.
You didn't know any spells.

Dungeon Overview and Level Annotations

Branches:
Dungeon (3/15)

Altars:


Innate Abilities, Weirdness & Mutations

You are small and have problems with some larger weapons.
You are carnivorous and can eat meat at any time.


Message History

You hit the worm.
You kill the worm!
You hit the worm.
The worm is lightly wounded.
You hit the worm.
The worm is moderately wounded.
You block the worm's attack.
You hit the worm but do no damage.
The worm is moderately wounded.
You hit the worm.
The worm is moderately wounded.
The worm bites you.
* * * LOW HITPOINT WARNING * * *
You are too injured to fight recklessly!
You are too injured to fight recklessly!
You are too injured to fight recklessly!
Your shield prevents you from hitting the worm.
The worm is moderately wounded.
The worm bites you.
You die...

####### #.....#
###.....# #.......# .
#.......# ...
#.......#
.....######....<.####
......†.@w......[...#
...<..#####......##.#
..... #......##.#
.... #......##.# ...
#########.##### ..
#.....#...... #
####.###.###.#.#
#........#.#.#
#).......#.#.#


You could see a worm.

Vanquished Creatures
  An ice beast (D:2)
  Robin (D:3)
  2 adders (D:2)
  An ooze (D:1)
  2 worms
  3 dart slugs
  2 leopard geckos
  3 giant cockroaches
  12 goblins
  4 hobgoblins
  7 kobolds
  A quokka (D:2)
  A ball python (D:2)
  A bat (D:1)
  2 frilled lizards
  5 rats
48 creatures vanquished.

Notes
Turn   | Place    | Note
-------+----------+-------------------------------------------
     0 | D:1      | dobroeutro the Kobold Hunter began the quest for the Orb.
     0 | D:1      | Reached XP level 1. HP: 12/12 MP: 1/1
    45 | D:1      | Reached XP level 2. HP: 14/18 MP: 2/2
    79 | D:1      | Reached skill level 1 in Short Blades
   143 | D:1      | Reached skill level 5 in Crossbows
   345 | D:1      | Reached XP level 3. HP: 15/22 MP: 3/3
   688 | D:2      | Noticed Robin
  1125 | D:2      | Reached XP level 4. HP: 27/27 MP: 4/4
  2241 | D:3      | Killed Robin
  2408 | D:3      | Noticed an ice beast
  2479 | D:2      | Killed an ice beast
  2479 | D:2      | Reached XP level 5. HP: 18/32 MP: 5/5
  2511 | D:3      | Slain by a worm

Vault maps used:
D:1:      minmay_arrival_up_and_down
D:2:      serial_aquarium, aquarium_bridge_long_separate, aquarium_window_2,
          aquarium_window_1, aquarium_window_1, aquarium_window_1,
          aquarium_view_2f, aquarium_balcony_double_4, uniq_robin
D:3:      nicolae_qazlal_general_emergency

Skill      XL: |  1  2  3  4 |
---------------+-------------+-----
Short Blades   | 1 3 |  3.1
Crossbows      | 5 |  5.8
Dodging        | 3 4 |  4.1
Fighting       | 3 |  3.4
Stealth        | |  1.3

Action                   |  1- 3 |  4- 6 || total
-------------------------+-------+-------++-------
Melee: Short sword       |   124 |   134 ||   258
 Fire: Hand crossbow     |     3 |     7 ||    10
 Stab: Sleeping          |     2 |       ||     2
  Eat: Chunk             |     3 |     3 ||     6
Armor: Leather armour    |    30 |    26 ||    56
Dodge: Dodged            |    96 |    80 ||   176
Block: Shield            |     4 |    57 ||    61
